[Event "Titled Tuesday Blitz December 27 Early 2022"]
[White "Hardaway, Brewington"]
[Black "Xu, Yi"]
[WhiteFideId "30941849"]
[BlackFideId "8605564"]
[WhiteElo "2363"]
[BlackElo "2527"]
[Result "1/2-1/2"]
[Round "03"]
[TimeControl "180+2"]
[Date "2022.12.27"]
[WhiteClock "0:00:07"]
[BlackClock "0:00:03"]

1. e4 c5 2. c3 Nf6 3. e5 Nd5 4. d4 cxd4 5. cxd4 d6 6. Nf3 Nc6 7. Bc4 Nb6 8. Bb5 dxe5 9. Nxe5 Bd7 10. Nxd7 Qxd7 11. O-O e6 12. Nc3 a6 13. Bxc6 Qxc6 14. Qg4 h5 15. Qg5 Rd8 16. Be3 h4 17. Rac1 h3 18. gxh3 Qf3 19. Qg3 Rxh3 20. Qxf3 Rxf3 21. Kg2 Rf5 22. Ne2 Rb5 23. b3 Nd5 24. Rc4 Bd6 25. Rfc1 Kd7 26. Nc3 Nxc3 27. R4xc3 Rh8 28. Rh1 Rbh5 29. h3 g5 30. Rcc1 f6 31. Bd2 Rh4 32. Bc3 Bf4 33. Rcd1 Bd6 34. f3 b5 35. Be1 R4h7 36. Bf2 Kc6 37. a4 Kd5 38. axb5 axb5 39. Ra1 Rb7 40. Ra6 Rc8 41. h4 Rc6 42. Rxc6 Kxc6 43. hxg5 fxg5 44. Be3 Rg7 45. Rh5 Bf4 46. Bxf4 gxf4+ 47. Kf2 Rd7 48. Rc5+ Kb6 49. Re5 Rxd4 50. Ke2 Ka5 51. Rxe6 Kb4 52. Re5 Kxb3 53. Rxb5+ Kc4 54. Re5 Kc3 55. Re8 Rd2+ 56. Ke1 Rh2 57. Rc8+ Kd3 58. Ra8 Rh1+ 59. Kf2 Rh2+ 60. Kg1 Rc2 61. Ra3+ Ke2 62. Kg2 Rd2 63. Kh3 Kf2 64. Kg4 Rd4 65. Ra2+ Ke3 66. Ra3+ Kf2 67. Ra5 Rc4 68. Rf5 Ke3 69. Re5+ Kd3 70. Rf5 Ke3 71. Re5+ Kf2 72. Rf5 Ke3 1/2-1/2


[Site "https://www.chess.com"]

[Event "Titled Tuesday Blitz December 27 Early 2022"]
[White "Hartikainen, Jarmo"]
[Black "Estrada Nieto, Julian"]
[WhiteFideId "503134"]
[BlackFideId "5101018"]
[WhiteElo "2108"]
[BlackElo "2215"]
[Result "1-0"]
[Round "03"]
[TimeControl "180+2"]
[Date "2022.12.27"]
[WhiteClock "0:00:45"]
[BlackClock "0:00:03"]

1. e4 e5 2. Nf3 Nc6 3. Bc4 Bc5 4. c3 Nf6 5. d4 exd4 6. b4 Bb6 7. e5 d5 8. exf6 dxc4 9. Qe2+ Be6 10. b5 Na5 11. fxg7 Rg8 12. Bg5 Qd5 13. Bf6 d3 14. Qe5 Qxe5+ 15. Nxe5 a6 16. bxa6 Rxa6 17. O-O Nb3 18. Nd2 Nxa1 19. Rxa1 Ra4 20. Ne4 Bf5 21. Ng3 Be6 22. Nh5 Ba5 23. Bg5 f6 24. Nxf6+ Kd8 25. Nxg8+ Kc8 26. Ne7+ Kb8 27. Bd2 Ra3 28. g8=Q+ Bxg8 29. Nxg8 Bxc3 30. Nxc4 Ra4 31. Bxc3 Rxc4 32. Rc1 b5 33. Nf6 b4 34. Bd2 Rc2 35. Bf4 Kb7 36. g4 c5 37. Ne4 c4 38. Nd6+ 1-0


[Site "https://www.chess.com"]

[Event "Titled Tuesday Blitz December 27 Early 2022"]
[White "Hasangatin, Ramil"]
[Black "Omariev, Maksim"]
[WhiteFideId "4122160"]
[BlackFideId "4193423"]
[WhiteElo "2457"]
[BlackElo "2304"]
[Result "1-0"]
[Round "03"]
[TimeControl "180+2"]
[Date "2022.12.27"]
[WhiteClock "0:00:04"]
[BlackClock "0:00:05"]

1. e4 c5 2. Nf3 d6 3. d4 cxd4 4. Qxd4 a6 5. Be3 Nc6 6. Qb6 Qxb6 7. Bxb6 Nf6 8. Nc3 Bg4 9. Be2 e6 10. O-O-O Rc8 11. Rhe1 Be7 12. Nd2 Bxe2 13. Rxe2 Ne5 14. f4 Ned7 15. Bd4 O-O 16. h3 Rfd8 17. g4 Nc5 18. g5 Nh5 19. Be3 b5 20. a3 g6 21. Nf1 Rd7 22. h4 Rdc7 23. Red2 Bf8 24. e5 d5 25. Bd4 Ng7 26. Ne3 Nh5 27. Rf2 Nb7 28. Ng4 Rc4 29. Rf3 Bc5 30. Bxc5 R4xc5 31. Kb1 Kg7 32. Rd2 Rc4 33. Ne2 Nc5 34. Rd4 Ne4 35. Rxc4 Rxc4 36. Kc1 Rc6 37. Nd4 Rc4 38. c3 Rc8 39. Nf6 Nc5 40. Kc2 Nxf6 41. exf6+ Kf8 42. Re3 Ne4 43. Nf3 Nd6 44. Ne5 Nc4 45. Re2 Nxe5 46. fxe5 Rc4 47. Rh2 Re4 48. h5 gxh5 49. Rxh5 Kg8 50. Kb3 Rxe5 51. Kb4 h6 52. Rxh6 Rxg5 53. Ka5 Rg6 54. Rh2 Rxf6 55. Kxa6 e5+ 56. Kxb5 e4 57. a4 e3 58. a5 Re6 59. Re2 f5 60. a6 f4 61. a7 Re8 62. Kb6 f3 63. Rxe3 Rxe3 64. a8=Q+ Kf7 65. Qb7+ Kf6 66. Qxd5 Re6+ 67. Kc7 Re5 68. Qd4 Ke6 69. Qf4 Rf5 70. Qe4+ Kf6 71. Qd4+ Kg5 72. Qf2 Kf4 73. b4 Re5 74. c4 Re2 75. Qf1 Ke3 76. c5 f2 77. b5 Re1 78. Qxf2+ Kxf2 79. b6 Rc1 80. c6 Ke3 81. b7 1-0


[Site "https://www.chess.com"]

[Event "Titled Tuesday Blitz December 27 Early 2022"]
[White "Heinemann, Josefine"]
[Black "Jenkins, Drake"]
[WhiteFideId "12900460"]
[BlackFideId "2022397"]
[WhiteElo "2289"]
[BlackElo "2130"]
[Result "1/2-1/2"]
[Round "03"]
[TimeControl "180+2"]
[Date "2022.12.27"]
[WhiteClock "0:00:13"]
[BlackClock "0:00:08"]

1. c4 Nf6 2. Nc3 c5 3. g3 d5 4. cxd5 Nxd5 5. Bg2 Nc7 6. Nf3 Nc6 7. O-O g6 8. Ne1 Bd7 9. a3 Bg7 10. Nc2 O-O 11. b4 cxb4 12. axb4 a6 13. Bb2 Rb8 14. Qc1 Ne6 15. Nd5 Ncd4 16. Nxd4 Nxd4 17. Bxd4 Bxd4 18. Ra3 Bc6 19. Rd3 e5 20. Ne3 Bxg2 21. Kxg2 Qb6 22. Nd5 Qb5 23. Ne7+ Kg7 24. Qb1 Rfe8 25. e3 Rxe7 26. exd4 e4 27. Rc3 Qd5 28. Rc5 Qxd4 29. Qa2 Rd8 30. Rfc1 Qxd2 31. R1c2 Qxb4 32. Rc7 Rdd7 33. Qa1+ f6 34. Rxd7 Rxd7 35. Qa2 Qd4 36. Qe6 e3 37. fxe3 Qd5+ 38. Qxd5 Rxd5 39. Rc7+ Kh6 40. Rxb7 Ra5 41. Kf3 f5 42. h4 Ra4 43. Ra7 a5 44. Rb7 Ra2 45. Ra7 Ra3 46. Kf4 Ra2 47. Kf3 a4 48. Kf4 a3 49. Kf3 Ra1 50. Kg2 Ra2+ 51. Kf3 Ra1 52. Kg2 Ra2+ 53. Kf3 1/2-1/2


[Site "https://www.chess.com"]

[Event "Titled Tuesday Blitz December 27 Early 2022"]
[White "Ilkhomi, Jaloliddin"]
[Black "Ljukin, Sergei"]
[WhiteFideId "14700948"]
[BlackFideId "14102200"]
[WhiteElo "1997"]
[BlackElo "2362"]
[Result "0-1"]
[Round "03"]
[TimeControl "180+2"]
[Date "2022.12.27"]
[WhiteClock "0:00:03"]
[BlackClock "0:00:09"]

1. d4 d5 2. Bf4 Nf6 3. e3 c5 4. c3 Nc6 5. Nf3 Qb6 6. Qc2 Bg4 7. Nbd2 e6 8. Ne5 Bf5 9. Bd3 Bxd3 10. Nxd3 Rc8 11. Qa4 Be7 12. O-O c4 13. Ne5 Qxb2 14. Rab1 Qxd2 15. Rxb7 O-O 16. Nxc6 Bd8 17. Bd6 Re8 18. Nxd8 Rcxd8 19. Be7 Rb8 20. Bxf6 gxf6 21. Qxa7 Rxb7 22. Qxb7 Qxc3 23. g3 Qd2 24. a4 c3 25. a5 c2 26. Qb2 Ra8 27. Rc1 Rxa5 28. Rxc2 Qd1+ 29. Kg2 Qd3 30. Rc8+ Kg7 31. Qc2 Qa6 32. Rc7 Ra1 33. Kf3 Qf1 34. Qe2 Qh1+ 35. Kf4 Qe4# 0-1


[Site "https://www.chess.com"]

[Event "Titled Tuesday Blitz December 27 Early 2022"]
[White "Injac, Teodora"]
[Black "Jimenez Almeida, Luis David"]
[WhiteFideId "932400"]
[BlackFideId "22242244"]
[WhiteElo "2391"]
[BlackElo "2242"]
[Result "1-0"]
[Round "03"]
[TimeControl "180+2"]
[Date "2022.12.27"]
[WhiteClock "0:01:16"]
[BlackClock "0:00:31"]

1. Nf3 g6 2. g3 Bg7 3. Bg2 f5 4. O-O Nf6 5. d3 d6 6. Nc3 O-O 7. e4 e5 8. exf5 gxf5 9. d4 e4 10. Nh4 Nc6 11. Ne2 d5 12. f3 b6 13. Bh3 Ne7 14. Bf4 c5 15. Be5 Nh5 16. fxe4 Bxe5 17. dxe5 fxe4 18. Bxc8 Rxc8 19. Rxf8+ Qxf8 20. Nd4 Ng7 21. Nb5 Rc6 22. Nd6 Kh8 23. Qg4 Nc8 24. Rf1 1-0


[Site "https://www.chess.com"]

[Event "Titled Tuesday Blitz December 27 Early 2022"]
[White "Iskusnyh, Sergei"]
[Black "Albertini, Luca"]
[WhiteFideId "4120027"]
[BlackFideId "847038"]
[WhiteElo "2440"]
[BlackElo "2084"]
[Result "0-1"]
[Round "03"]
[TimeControl "180+2"]
[Date "2022.12.27"]
[WhiteClock "0:00:01"]
[BlackClock "0:00:02"]

1. d4 Nf6 2. c4 d6 3. Nf3 g6 4. g3 Bg7 5. Bg2 O-O 6. Nc3 Nc6 7. O-O e5 8. h3 exd4 9. Nxd4 Nxd4 10. Qxd4 Nd7 11. Qd2 a5 12. b3 Nc5 13. Bb2 Be6 14. Rad1 Qd7 15. Kh2 Rae8 16. Nb5 b6 17. Bxg7 Kxg7 18. Nd4 Qe7 19. Qb2 Qf6 20. Rd2 Bd7 21. e3 Ne4 22. Rc2 Re7 23. Ne2 Qxb2 24. Rxb2 Rfe8 25. Nf4 Bc6 26. Rd1 g5 27. Nh5+ Kg6 28. g4 h6 29. Rd4 f5 30. Ng3 f4 31. Nf5 fxe3 32. Nxe7+ Rxe7 33. fxe3 Re5 34. Bxe4+ Bxe4 35. Kg3 Re6 36. Rf2 c6 37. Rf8 d5 38. cxd5 cxd5 39. Rd2 Rc6 40. Rdf2 Kg7 41. R2f7+ Kg6 42. Rb7 Bb1 43. Rfb8 Rc3 44. Kf2 Rc2+ 45. Ke1 Bxa2 46. Rxb6+ Kf7 47. R8b7+ Ke8 48. Rxh6 Bxb3 0-1


[Site "https://www.chess.com"]

[Event "Titled Tuesday Blitz December 27 Early 2022"]
[White "Janaszak, Dawid"]
[Black "Hoffmann, Asa"]
[WhiteFideId "1119206"]
[BlackFideId "2001470"]
[WhiteElo "2316"]
[BlackElo "2185"]
[Result "1-0"]
[Round "03"]
[TimeControl "180+2"]
[Date "2022.12.27"]
[WhiteClock "0:00:17"]
[BlackClock "0:00:20"]

1. e4 d6 2. Nc3 c6 3. d4 Nf6 4. f4 Qa5 5. e5 Nd5 6. Bd2 Nxc3 7. Bxc3 Qb6 8. Bc4 d5 9. Bd3 g6 10. Ne2 Bg4 11. h3 Bxe2 12. Qxe2 e6 13. Qd2 Qc7 14. g4 c5 15. f5 cxd4 16. Bxd4 Nc6 17. Bb5 gxf5 18. gxf5 h5 19. fxe6 fxe6 20. O-O-O O-O-O 21. Bxc6 Qxc6 22. Qa5 a6 23. Rd3 Bh6+ 24. Kb1 Kb8 25. Rb3 Rc8 26. c3 Rh7 27. Qb4 Ka8 28. a4 Qc4 29. Ka2 Qxb4 30. Rxb4 Bf8 31. Rb6 Rh6 32. Rf1 Bc5 33. Bxc5 Rxc5 34. Rf7 d4 35. Rfxb7 Rh8 36. cxd4 Rc4 37. Rb4 Rxb4 38. Rxb4 Rg8 39. Rb6 Rg3 40. Rxa6+ Kb7 41. Rxe6 Rxh3 42. Rh6 Rd3 43. Rxh5 Rxd4 44. b3 Re4 45. Ka3 Kb6 46. Rh6+ Kc5 47. e6 Kd6 48. a5 Re1 49. Kb4 Re4+ 50. Kb5 Re5+ 51. Kb6 Re3 52. b4 Rb3 53. b5 Rh3 54. Rxh3 Kxe6 55. a6 1-0


[Site "https://www.chess.com"]

[Event "Titled Tuesday Blitz December 27 Early 2022"]
[White "Jaracz, Pawel"]
[Black "Postnikov, Artem"]
[WhiteFideId "1102222"]
[BlackFideId "34153575"]
[WhiteElo "2467"]
[BlackElo "2197"]
[Result "1-0"]
[Round "03"]
[TimeControl "180+2"]
[Date "2022.12.27"]
[WhiteClock "0:00:07"]
[BlackClock "0:00:03"]

1. d4 d5 2. Nc3 Nf6 3. Bg5 c6 4. f3 b5 5. Qd2 Bf5 6. e3 Nbd7 7. Nge2 h6 8. Bh4 Bh7 9. a4 b4 10. Nd1 a5 11. Nf2 e6 12. g4 Be7 13. Bg3 c5 14. dxc5 Bxc5 15. Nd4 Qb6 16. h4 e5 17. Nb5 Bxe3 18. Qe2 O-O 19. Nd3 e4 20. fxe4 Nxe4 21. Bc7 Qc6 22. Qxe3 Qxc2 23. Qc1 b3 24. Nd4 Qxc1+ 25. Rxc1 Ng3 26. Rh3 Nxf1 27. Kxf1 Rac8 28. Nf4 Nf6 29. g5 Ne4 30. gxh6 gxh6 31. Ke2 Rfe8 32. Re3 Ng3+ 33. Kf3 Ne4 34. Nxd5 Nd2+ 35. Kf4 Rxe3 36. Nxe3 Kf8 37. Nd5 Ke8 38. Nf6+ Ke7 39. Nxh7 Kd7 40. Nf6+ Ke7 41. Bd6+ Kxf6 42. Rxc8 1-0


[Site "https://www.chess.com"]

[Event "Titled Tuesday Blitz December 27 Early 2022"]
[White "Jiganchine, Roman"]
[Black "Mills, Morgen"]
[WhiteFideId "2603667"]
[BlackFideId "2013304"]
[WhiteElo "2205"]
[BlackElo "2009"]
[Result "1/2-1/2"]
[Round "03"]
[TimeControl "180+2"]
[Date "2022.12.27"]
[WhiteClock "0:00:16"]
[BlackClock "0:00:17"]

1. e4 e5 2. Nf3 Nf6 3. Nc3 Nc6 4. Bb5 Bb4 5. O-O Nd4 6. Nxd4 exd4 7. e5 dxc3 8. exf6 Qxf6 9. Re1+ Be7 10. Qe2 c6 11. Bd3 d5 12. bxc3 Be6 13. Rb1 b6 14. c4 dxc4 15. Bxc4 Bxc4 16. Qxc4 O-O 17. Bb2 Qd6 18. Qg4 Bf6 19. Bxf6 Qxf6 20. h3 Rad8 21. d3 Rd4 22. Qf3 Qxf3 23. gxf3 Rd7 24. Re4 f5 25. Re6 Rc8 26. Rbe1 Kf7 27. R6e5 g6 28. Kg2 Rcc7 29. h4 Re7 30. f4 Red7 31. h5 Rd4 32. Kg3 Ra4 33. h6 Rxa2 34. Re8 Rxc2 35. Rh8 Kf6 36. Rf8+ Rf7 37. Rfe8 Rd7 38. Rf8+ Rf7 39. Rfe8 Rd7 40. Rf8+ Rf7 1/2-1/2


[Site "https://www.chess.com"]

[Event "Titled Tuesday Blitz December 27 Early 2022"]
[White "Jimenez, Joaquin"]
[Black "Herman, Daniel"]
[WhiteFideId "109860"]
[BlackFideId "30935008"]
[WhiteElo "2195"]
[BlackElo "1956"]
[Result "1-0"]
[Round "03"]
[TimeControl "180+2"]
[Date "2022.12.27"]
[WhiteClock "0:01:00"]
[BlackClock "0:00:21"]

1. e4 g6 2. d4 Bg7 3. Nc3 d6 4. Be3 a6 5. a4 b6 6. Qd2 Bb7 7. f3 Nd7 8. Bc4 e6 9. Nge2 h6 10. h4 Ne7 11. h5 g5 12. d5 exd5 13. Nxd5 Nxd5 14. Bxd5 Bxd5 15. Qxd5 O-O 16. c3 Nf6 17. Qf5 Qd7 18. Qxd7 Nxd7 19. O-O-O Nc5 20. Bxc5 bxc5 21. Ng3 Be5 22. Nf5 Kh7 23. Kc2 Rab8 24. Ne3 Rb7 25. g4 Rfb8 26. Rb1 Rb3 27. Nc4 f6 28. Na5 R3b6 29. Rhd1 Kg7 30. Nc4 Rb3 31. Nd2 R3b6 32. b3 Kf7 33. Nc4 R6b7 34. Rb2 Ke6 35. Ne3 a5 36. Nf5 c4 37. Rdb1 Rh8 38. bxc4 Rxb2+ 39. Rxb2 Kd7 40. Rb5 Kc6 41. Rxa5 Kb6 42. Rb5+ Ka6 43. Ne7 c5 44. Nd5 Ka7 45. a5 Ka6 46. Kb3 Ka7 47. Ka4 Ka6 48. Rb6+ Ka7 49. Kb5 Rh7 50. a6 Rf7 51. Rc6 Rd7 52. Rc7+ Rxc7 53. Nxc7 Bxc3 54. Ne8 Be5 55. Kc6 Kxa6 56. Nxd6 Ka5 57. Kd5 Kb4 58. Nf7 Bd4 59. Nxh6 Kc3 60. Nf5 Kd3 61. h6 Ke2 62. h7 Kxf3 63. h8=Q Kxg4 64. Nxd4 cxd4 65. Kxd4 Kf3 66. Qh3+ Kf4 67. Qf5+ Kg3 68. Qxf6 g4 69. e5 Kh2 70. e6 g3 71. e7 g2 72. Qh4+ Kg1 73. e8=Q Kf1 74. Qee1# 1-0


[Site "https://www.chess.com"]

[Event "Titled Tuesday Blitz December 27 Early 2022"]
[White "Jobava, Baadur"]
[Black "Garcia Ramos, Daniel"]
[WhiteFideId "13601520"]
[BlackFideId "32010311"]
[WhiteElo "2578"]
[BlackElo "2442"]
[Result "1-0"]
[Round "03"]
[TimeControl "180+2"]
[Date "2022.12.27"]
[WhiteClock "0:02:06"]
[BlackClock "0:00:36"]

1. b3 d5 2. Bb2 Nf6 3. d3 e6 4. Nd2 Be7 5. g3 O-O 6. Bg2 Nbd7 7. e4 a5 8. a3 b5 9. Ne2 Bb7 10. e5 Ne8 11. O-O c5 12. Nf4 Qc7 13. Re1 g6 14. h4 h5 15. Nf3 d4 16. b4 axb4 17. axb4 Rxa1 18. Bxa1 Ng7 19. bxc5 Bxf3 20. Bxf3 Nxe5 21. Bxd4 Nxf3+ 22. Qxf3 Bxc5 23. Bxg7 Kxg7 24. Rxe6 Bd4 25. Rxg6+ fxg6 26. Ne6+ Kh7 27. Nxf8+ Kg8 28. Ne6 1-0


[Site "https://www.chess.com"]

[Event "Titled Tuesday Blitz December 27 Early 2022"]
[White "Kamsky, Gata"]
[Black "Papasimakopoulos, Alexandros"]
[WhiteFideId "2000024"]
[BlackFideId "4244125"]
[WhiteElo "2665"]
[BlackElo "2401"]
[Result "1/2-1/2"]
[Round "03"]
[TimeControl "180+2"]
[Date "2022.12.27"]
[WhiteClock "0:00:51"]
[BlackClock "0:00:22"]

1. d4 e6 2. Bf4 d5 3. e3 Bd6 4. Nf3 Bxf4 5. exf4 c5 6. dxc5 Qa5+ 7. c3 Qxc5 8. Nbd2 Nf6 9. Bd3 Nc6 10. Nb3 Qd6 11. Qd2 O-O 12. O-O a5 13. a3 b6 14. Rfe1 Ba6 15. Bc2 g6 16. Rad1 b5 17. Nbd4 Nxd4 18. Qxd4 Nd7 19. Ne5 Rfd8 20. Ng4 Qf8 21. b4 h5 22. Ne5 Nxe5 23. Rxe5 Rac8 24. Bd3 Rc6 25. h4 Rdc8 26. Rc1 Qg7 27. g3 Qf6 28. Be2 Qg7 29. Bd3 Qf6 30. a4 Rb8 31. Qa7 Qd8 32. bxa5 Qc7 33. Qxc7 Rxc7 34. Rb1 Rcb7 35. axb5 Bxb5 36. Bxb5 Rxb5 37. Ra1 Ra8 38. c4 Rbxa5 39. Rxa5 Rxa5 40. cxd5 Rxd5 41. Re3 Kg7 42. Kg2 Ra5 43. Kf3 Rb5 44. Kg2 Ra5 45. Kf3 Rb5 46. Kg2 Ra5 1/2-1/2


[Site "https://www.chess.com"]

[Event "Titled Tuesday Blitz December 27 Early 2022"]
[White "Karas, Marek"]
[Black "Weetik, Vjacheslav"]
[WhiteFideId "14928558"]
[BlackFideId "4153472"]
[WhiteElo "2227"]
[BlackElo "2423"]
[Result "1/2-1/2"]
[Round "03"]
[TimeControl "180+2"]
[Date "2022.12.27"]
[WhiteClock "0:01:31"]
[BlackClock "0:00:20"]

1. d4 Nf6 2. Nf3 g6 3. c4 Bg7 4. Nc3 d6 5. e4 O-O 6. Be2 e5 7. Be3 Ng4 8. Bg5 f6 9. Bh4 g5 10. Bg3 Nh6 11. d5 Nd7 12. Nd2 f5 13. exf5 Nxf5 14. Bd3 Nc5 15. Nde4 Nxd3+ 16. Qxd3 Nd4 17. O-O Bf5 18. f3 h5 19. Bf2 g4 20. fxg4 Bxg4 21. Be3 Qd7 22. Rxf8+ Rxf8 23. Rf1 Qe8 24. Rxf8+ Qxf8 25. Qf1 Qxf1+ 26. Kxf1 Bf5 27. h3 a6 28. Kf2 b5 29. cxb5 axb5 30. a3 Bg6 31. Bg5 Bf8 32. Bd8 c6 33. dxc6 Nxc6 34. Bc7 b4 35. axb4 Nxb4 36. Bxd6 Bxd6 37. Nxd6 Nd3+ 38. Ke3 Nxb2 39. g4 hxg4 40. hxg4 Kg7 41. Nf5+ Bxf5 42. gxf5 Nc4+ 43. Ke4 Nd6+ 44. Kxe5 Nxf5 1/2-1/2


[Site "https://www.chess.com"]

[Event "Titled Tuesday Blitz December 27 Early 2022"]
[White "Kezin, Roman"]
[Black "Lorenzo De La Riva, Lazaro"]
[WhiteFideId "24124621"]
[BlackFideId "2268809"]
[WhiteElo "2514"]
[BlackElo "2404"]
[Result "1-0"]
[Round "03"]
[TimeControl "180+2"]
[Date "2022.12.27"]
[WhiteClock "0:00:05"]
[BlackClock "0:00:12"]

1. Nf3 d5 2. b3 Bf5 3. Bb2 c6 4. e3 Nd7 5. Nh4 Bg6 6. g3 e5 7. Nxg6 hxg6 8. Bg2 Ngf6 9. d3 Bb4+ 10. c3 Bd6 11. O-O Qe7 12. c4 O-O 13. Nc3 Nb6 14. cxd5 cxd5 15. Nb5 Rfc8 16. Nxd6 Qxd6 17. Qd2 a5 18. Rac1 Nfd7 19. Rxc8+ Nxc8 20. Rc1 Ne7 21. Qe2 a4 22. bxa4 Rxa4 23. a3 Ra6 24. h4 Rc6 25. Qd2 f6 26. Rxc6 Qxc6 27. Bc3 Kh7 28. Bb4 Nf5 29. Kh2 Nb6 30. Qe2 Nh6 31. Ba5 Nc8 32. Qf3 Ne7 33. Bb4 Nhg8 34. Qg4 Qb5 35. Qe6 Qc6 36. Qf7 Qd7 37. h5 g5 38. Bh3 Qc7 39. Be6 d4 40. e4 Qc2 41. Kg2 Qc7 42. Qf8 b5 43. Qf7 Qb7 44. Bf5+ Kh8 45. h6 Nxf5 46. hxg7+ Nxg7 47. Qxb7 1-0


[Site "https://www.chess.com"]

[Event "Titled Tuesday Blitz December 27 Early 2022"]
[White "Kilic, Eray"]
[Black "Hnydiuk, Aleksander"]
[WhiteFideId "44517173"]
[BlackFideId "1109057"]
[WhiteElo "2414"]
[BlackElo "2363"]
[Result "1-0"]
[Round "03"]
[TimeControl "180+2"]
[Date "2022.12.27"]
[WhiteClock "0:02:02"]
[BlackClock "0:01:51"]

1. e4 e5 2. Nf3 Nc6 3. Bb5 a6 4. Ba4 Nf6 5. O-O Be7 6. Re1 b5 7. Bb3 O-O 8. a4 Bb7 9. d3 d5 10. exd5 Nxd5 11. axb5 axb5 12. Rxa8 Bxa8 13. Nc3 Nxc3 14. bxc3 Bd6 15. Ng5 Qf6 16. Qh5 Qg6 17. Qxg6 hxg6 18. Be3 Na5 19. Bxf7+ Rxf7 20. Nxf7 Kxf7 21. Ra1 1-0


[Site "https://www.chess.com"]

[Event "Titled Tuesday Blitz December 27 Early 2022"]
[White "Kopacz, Grzegorz"]
[Black "Gatterer, Florian"]
[WhiteFideId "1109880"]
[BlackFideId "811688"]
[WhiteElo "1997"]
[BlackElo "2170"]
[Result "0-1"]
[Round "03"]
[TimeControl "180+2"]
[Date "2022.12.27"]
[WhiteClock "0:02:43"]
[BlackClock "0:02:24"]

1. d4 d5 2. c4 c6 3. cxd5 cxd5 4. Bg5 f6 5. Bh4 Nc6 6. Nc3 e6 7. Nf3 Qb6 8. Qd2 Nge7 9. e3 Nf5 10. Bd3 Nxh4 11. Nxh4 Bd6 12. O-O g5 13. Nf3 Bd7 14. Na4 Qb4 15. Qxb4 Nxb4 0-1


[Site "https://www.chess.com"]

[Event "Titled Tuesday Blitz December 27 Early 2022"]
[White "Korchmar, Vasiliy"]
[Black "Sadovsky, Artem"]
[WhiteFideId "24131750"]
[BlackFideId "4155840"]
[WhiteElo "2438"]
[BlackElo "2276"]
[Result "1-0"]
[Round "03"]
[TimeControl "180+2"]
[Date "2022.12.27"]
[WhiteClock "0:00:05"]
[BlackClock "0:01:04"]

1. e4 g6 2. d4 Bg7 3. Nc3 c6 4. Be3 d5 5. e5 h5 6. Qd2 Nh6 7. O-O-O Nf5 8. Bf4 b5 9. Nf3 a5 10. Bd3 a4 11. h3 b4 12. Ne2 b3 13. cxb3 axb3 14. a3 c5 15. dxc5 Qa5 16. g4 hxg4 17. hxg4 Nh6 18. Qxa5 Rxa5 19. e6 Rxc5+ 20. Kb1 Nc6 21. exf7+ Nxf7 22. Be3 d4 23. Nfxd4 Bxg4 24. Nxc6 Rxc6 25. Rxh8+ Bxh8 26. Bb5 Bxe2 27. Bxc6+ Kf8 28. Rd2 Bc4 29. Bd5 Nd6 30. Bxc4 Nxc4 31. Rd8+ Kg7 32. Bd4+ e5 33. Bc3 Kh7 34. a4 Bf6 35. Rd7+ Kh6 36. a5 e4 37. Bxf6 Nxa5 38. Rc7 Kh5 39. Bc3 Kg4 40. Bxa5 Kf3 41. Bb6 g5 42. Be3 g4 43. Rg7 Ke2 44. Rxg4 Kd1 45. Rxe4 Ke2 46. f4 Kd1 47. f5 Ke2 48. f6 Kd3 49. Re7 Ke2 50. Kc1 Kd3 51. Kd1 Kc4 52. Kd2 Kd5 53. Kd3 Kc6 54. Kc3 Kd6 55. Kxb3 Kc6 56. Kc4 Kd6 57. b4 Kc6 58. b5+ Kd6 59. b6 Kc6 60. b7 Kd6 61. b8=Q+ Kc6 62. Qb1 Kd6 63. Re4 Kc6 64. f7 Kd7 65. f8=Q Kc6 66. Qf6+ Kc7 67. Rg4 Kd7 68. Qh1 Kc8 69. Rg7 1-0


[Site "https://www.chess.com"]

[Event "Titled Tuesday Blitz December 27 Early 2022"]
[White "Koridze, Lile"]
[Black "Gritsenko, Nikolai"]
[WhiteFideId "13612514"]
[BlackFideId "14112493"]
[WhiteElo "2191"]
[BlackElo "2309"]
[Result "0-1"]
[Round "03"]
[TimeControl "180+2"]
[Date "2022.12.27"]
[WhiteClock "0:02:03"]
[BlackClock "0:01:25"]

1. d4 d5 2. c4 Nc6 3. Nf3 Bg4 4. cxd5 Bxf3 5. dxc6 Bxc6 6. Nc3 e6 7. e3 a6 8. b3 Nf6 9. Bb2 Bd6 10. f3 Nh5 11. g3 Qe7 12. Bg2 O-O-O 13. O-O Nf6 14. Qe2 h5 15. Rfd1 h4 16. g4 h3 17. Bh1 Rh4 18. e4 e5 19. d5 Bd7 20. Rac1 Nxg4 21. fxg4 Rxg4+ 22. Kf1 Rf4+ 23. Ke1 Qh4+ 24. Kd2 Rf2 0-1


[Site "https://www.chess.com"]

[Event "Titled Tuesday Blitz December 27 Early 2022"]
[White "Koutlas, Nikolaos"]
[Black "Rustemov, Alexander"]
[WhiteFideId "25827138"]
[BlackFideId "4119002"]
[WhiteElo "2341"]
[BlackElo "2525"]
[Result "0-1"]
[Round "03"]
[TimeControl "180+2"]
[Date "2022.12.27"]
[WhiteClock "0:00:01"]
[BlackClock "0:00:23"]

1. Nf3 d5 2. g3 Nf6 3. Bg2 Bf5 4. O-O e6 5. d3 c6 6. Nbd2 h6 7. Ne5 Be7 8. e4 Bh7 9. Qe2 O-O 10. c3 Nbd7 11. Nxd7 Qxd7 12. e5 Ne8 13. Nf3 Nc7 14. h4 c5 15. Nh2 b5 16. Ng4 c4 17. dxc4 bxc4 18. Rd1 Rab8 19. Qxc4 Rfc8 20. Qf4 Qb5 21. Ne3 Na6 22. Qg4 Nc5 23. h5 Qa4 24. c4 dxc4 25. Rd4 Nb3 26. axb3 Qxa1 27. Rxc4 Bf5 28. Nxf5 exf5 29. Qd4 Rd8 30. Qf4 Bg5 31. Qxf5 Bxc1 32. Be4 Bg5+ 33. Kg2 Qa5 34. Qh7+ Kf8 35. e6 Qe5 36. exf7 Kxf7 37. Rc6 Rb6 38. Qg6+ Ke7 39. Rxb6 axb6 40. f3 Bf6 41. Kh3 Qe6+ 0-1


[Site "https://www.chess.com"]

[Event "Titled Tuesday Blitz December 27 Early 2022"]
[White "Kovacevic, Radmila"]
[Black "Rosenberg, Evan S"]
[WhiteFideId "933171"]
[BlackFideId "2019299"]
[WhiteElo "2106"]
[BlackElo "1956"]
[Result "1/2-1/2"]
[Round "03"]
[TimeControl "180+2"]
[Date "2022.12.27"]
[WhiteClock "0:00:11"]
[BlackClock "0:00:02"]

1. e4 e5 2. d4 exd4 3. c3 Qe7 4. Bd3 d5 5. Qe2 dxe4 6. Qxe4 Nc6 7. Nf3 dxc3 8. O-O Qxe4 9. Bxe4 cxb2 10. Bxb2 Bd7 11. Ng5 h6 12. Re1 Nge7 13. Nf3 O-O-O 14. Nc3 Bf5 15. Nb5 Bxe4 16. Rxe4 a6 17. Nbd4 Nxd4 18. Nxd4 Rg8 19. Rc1 Nd5 20. g3 g6 21. Nb3 Bg7 22. Ba3 Rge8 23. Rec4 c6 24. Na5 Re2 25. Nxc6 bxc6 26. Rxc6+ Kb7 27. R6c4 Rxa2 28. Rb1+ Nb6 29. Bc5 Rb2 30. Rxb2 Bxb2 31. Rb4 Kc6 32. Bxb6 Rd1+ 33. Kg2 Ba3 34. Rb3 Bd6 35. Be3 Rd5 36. Rb6+ Kd7 37. Rxa6 Bc5 38. Ra5 Kc6 39. Bxh6 Bb6 40. Rxd5 Kxd5 41. Be3 Bc7 42. Kf3 Ke6 43. Kg4 Bd8 44. h4 Bf6 45. Bg5 Bg7 46. f3 f5+ 47. Kf4 Be5+ 48. Ke3 Bxg3 49. f4 Kd5 50. Kd3 Bf2 51. Bf6 Bg3 52. Bg5 Kc5 53. Kc3 Kd5 54. Kd3 1/2-1/2


[Site "https://www.chess.com"]

[Event "Titled Tuesday Blitz December 27 Early 2022"]
[White "Larina, Maria"]
[Black "Ovchinnikov, Vsevolod"]
[WhiteFideId "24113182"]
[BlackFideId "24176842"]
[WhiteElo "1948"]
[BlackElo "2426"]
[Result "0-1"]
[Round "03"]
[TimeControl "180+2"]
[Date "2022.12.27"]
[WhiteClock "0:00:01"]
[BlackClock "0:00:03"]

1. e4 g6 2. d4 Bg7 3. Nc3 a6 4. a4 d6 5. g3 Nd7 6. Bg2 Ngf6 7. Nge2 O-O 8. O-O Rb8 9. h3 b5 10. axb5 axb5 11. g4 b4 12. Na4 Bb7 13. Ng3 Qc8 14. c3 bxc3 15. bxc3 c5 16. Be3 Qc7 17. g5 Ne8 18. Qd2 Ra8 19. f4 Bc6 20. Nb2 Rxa1 21. Rxa1 cxd4 22. cxd4 Qb8 23. f5 Nc7 24. Nc4 Ba8 25. Rf1 Qb5 26. f6 exf6 27. gxf6 Nxf6 28. Nxd6 Qd7 29. e5 Nfd5 30. Bh6 f6 31. Bxg7 Kxg7 32. Nge4 fxe5 33. Rxf8 Kxf8 34. dxe5 Qe7 35. Qf2+ Kg7 36. Qa7 Qxe5 37. Qb8 Qa1+ 38. Kh2 Qe5+ 39. Kg1 Qe7 40. Qa7 Kf8 41. Qb8+ Kg7 42. Qa7 h5 43. Qb8 Qe5 0-1


[Site "https://www.chess.com"]